[Event "Titled Tuesday Blitz September 14 2021"]
[White "King, Alexander"]
[Black "Pridorozhni, Aleksei"]
[WhiteFideId "2063620"]
[BlackFideId "4127870"]
[WhiteElo "2306"]
[BlackElo "2565"]
[Result "1/2-1/2"]
[Round "02"]
[TimeControl "180+1"]
[Date "2021.09.15"]
[WhiteClock "0:01:28"]
[BlackClock "0:02:31"]

1. d4 d5 2. c4 e6 3. Nc3 c6 4. e4 dxe4 5. Nxe4 Bb4+ 6. Bd2 Qxd4 7. Bxb4 Qxe4+ 8. Be2 Nd7 9. Nf3 Ne7 10. O-O c5 11. Bc3 O-O 12. Bd3 Qg4 13. Re1 Nf5 14. h3 Qg6 15. g4 h5 16. Nh4 Qg5 17. Nf3 Qg6 18. Nh4 Qg5 19. Nf3 Qg6 1/2-1/2


[Site "https://www.chess.com"]

[Event "Titled Tuesday Blitz September 14 2021"]
[White "Mortazavi, Ali"]
[Black "Matlakov, Maxim"]
[WhiteFideId "401323"]
[BlackFideId "4168003"]
[WhiteElo "2339"]
[BlackElo "2652"]
[Result "1-0"]
[Round "02"]
[TimeControl "180+1"]
[Date "2021.09.15"]
[WhiteClock "0:00:49"]
[BlackClock "0:00:22"]

1. Nf3 Nf6 2. g3 b6 3. Bg2 Bb7 4. O-O c5 5. d3 g6 6. e4 d6 7. a4 Bg7 8. a5 O-O 9. Nc3 bxa5 10. e5 Nd5 11. Ne4 Nc6 12. exd6 exd6 13. Bg5 Qd7 14. c4 Ndb4 15. Nf6+ Bxf6 16. Bxf6 Qf5 17. Bc3 Qxd3 18. Ng5 Rfe8 19. Qxd3 Nxd3 20. Rad1 Nde5 21. Ne4 Re6 22. Nxd6 Rb8 23. Nxb7 Rxb7 24. Bxe5 Rxe5 25. Bxc6 Rxb2 26. Rd7 1-0


[Site "https://www.chess.com"]

[Event "Titled Tuesday Blitz September 14 2021"]
[White "Nakamura, Hikaru"]
[Black "Herrera Reyes, Jose Antonio"]
[WhiteFideId "2016192"]
[BlackFideId "2274914"]
[WhiteElo "2884"]
[BlackElo "2361"]
[Result "1-0"]
[Round "02"]
[TimeControl "180+1"]
[Date "2021.09.15"]
[WhiteClock "0:00:22"]
[BlackClock "0:00:14"]

1. Nf3 Nf6 2. b3 g6 3. Bb2 Bg7 4. d4 d6 5. e3 O-O 6. Be2 c5 7. O-O cxd4 8. Nxd4 Nc6 9. Nxc6 bxc6 10. c4 a5 11. Nc3 Bb7 12. Na4 Qc7 13. c5 d5 14. Nb6 Ra7 15. Qc2 Nd7 16. Bxg7 Kxg7 17. Qc3+ Kg8 18. Nxd7 Qxd7 19. Rfd1 Ba6 20. Bf3 a4 21. b4 Bb5 22. e4 e6 23. a3 Qe7 24. exd5 exd5 25. Re1 Qg5 26. g3 Re7 27. h4 Rxe1+ 28. Rxe1 Qf5 29. Bd1 Rd8 30. Qd4 h5 31. Re3 Qb1 32. Kh2 Qa2 33. Qf6 Rf8 34. Bxh5 d4 35. Re5 Bd3 36. Kg2 Qb1 37. Bg4 Be4+ 38. Bf3 Bd3 39. Bxc6 Qf1+ 40. Kh2 Be2 41. Bd5 Bg4 42. Bxf7+ Rxf7 43. Re8+ Kh7 44. Rh8# 1-0


[Site "https://www.chess.com"]

[Event "Titled Tuesday Blitz September 14 2021"]
[White "Nesterov, Arseniy"]
[Black "Baskin, Robert"]
[WhiteFideId "24198455"]
[BlackFideId "24662402"]
[WhiteElo "2494"]
[BlackElo "2521"]
[Result "1-0"]
[Round "02"]
[TimeControl "180+1"]
[Date "2021.09.15"]
[WhiteClock "0:00:15"]
[BlackClock "0:00:08"]

1. d4 Nf6 2. c4 e6 3. Nf3 b6 4. g3 Ba6 5. Qc2 c5 6. Bg2 Nc6 7. dxc5 Bxc5 8. O-O O-O 9. a3 d5 10. b4 Bd4 11. Nxd4 Nxd4 12. Qd1 dxc4 13. Bxa8 Nb3 14. Qxd8 Rxd8 15. Ra2 Rxa8 16. Rd1 Bb7 17. Bb2 a5 18. Bxf6 gxf6 19. Nc3 e5 20. Rd6 Kg7 21. Rxb6 Bc8 22. b5 Bh3 23. Rd6 Nd4 24. a4 Kf8 25. Rd2 Ke7 26. R6xd4 exd4 27. Rxd4 Be6 28. f3 Rc8 29. e4 Rc5 30. Kf2 f5 31. exf5 Rxf5 32. b6 Bc8 33. Rxc4 Ba6 34. Rc7+ Kd8 35. Ra7 Bc4 36. Ne4 Bd5 37. Ke3 Bxe4 38. Kxe4 Rf6 39. Ra8+ 1-0


[Site "https://www.chess.com"]

[Event "Titled Tuesday Blitz September 14 2021"]
[White "Nozdrachev, Leonid"]
[Black "Lashkin, Jegor"]
[WhiteFideId "24113433"]
[BlackFideId "13907808"]
[WhiteElo "2196"]
[BlackElo "2293"]
[Result "1-0"]
[Round "02"]
[TimeControl "180+1"]
[Date "2021.09.15"]
[WhiteClock "0:00:12"]
[BlackClock "0:00:04"]

1. e4 c5 2. c3 d5 3. exd5 Qxd5 4. d4 Nf6 5. Nf3 e6 6. Be2 Be7 7. Be3 Nbd7 8. O-O O-O 9. dxc5 Bxc5 10. Bxc5 Qxc5 11. Qd4 b6 12. Nbd2 Bb7 13. Nb3 Qxd4 14. Nfxd4 a6 15. Rad1 Ne5 16. Rfe1 Ng6 17. Bf3 Bxf3 18. Nxf3 Rfd8 19. g3 Kf8 20. Kf1 Ke8 21. Nbd4 Rac8 22. h4 Rd5 23. Nc2 h6 24. Nb4 Rxd1 25. Rxd1 a5 26. Nc2 Nd7 27. Ne3 b5 28. Rd6 b4 29. c4 Nc5 30. Nd4 Ne5 31. Nb5 Ke7 32. Ke2 Ne4 33. Ra6 Nc6 34. Na7 Nd4+ 35. Kd3 Rd8 36. Kxe4 f5+ 37. Kd3 g5 38. h5 g4 39. Nd5+ exd5 40. Kxd4 dxc4+ 41. Kxc4 Rd2 42. Rxh6 Rxf2 43. Nc6+ Kf8 44. Nxa5 Rxb2 45. Rf6+ Kg7 46. Rxf5 Rxa2 47. Kxb4 Rg2 48. Rg5+ Kh6 49. Rxg4 Kxh5 50. Rg8 Re2 51. Nc4 Re4 52. Kc5 Rg4 53. Rh8+ Kg5 54. Nd6 Kf6 55. Kd5 Rg5+ 56. Kd4 Rg4+ 57. Ne4+ Kf5 58. Rf8+ Ke6 59. Rf6+ Ke7 60. Rh6 Kf7 61. Ke5 Rg8 62. Ra6 Re8+ 63. Kf5 Rb8 64. Ra7+ Kf8 65. g4 Rb5+ 66. Kf4 Rb4 67. g5 Rb1 68. Kf5 Rf1+ 69. Kg6 Rb1 70. Nf6 Rb7 71. Ra8+ Ke7 72. Re8+ Kd6 73. Re2 Rb1 74. Kg7 Rg1 75. g6 Rg3 76. Nh5 Rg1 77. Kh6 Kd7 78. g7 Rxg7 79. Nxg7 1-0


[Site "https://www.chess.com"]

[Event "Titled Tuesday Blitz September 14 2021"]
[White "Palchuk, Andrii"]
[Black "Sarana, Alexey"]
[WhiteFideId "14176688"]
[BlackFideId "24133795"]
[WhiteElo "2320"]
[BlackElo "2671"]
[Result "0-1"]
[Round "02"]
[TimeControl "180+1"]
[Date "2021.09.15"]
[WhiteClock "0:00:09"]
[BlackClock "0:01:09"]

1. d4 Nf6 2. c4 g6 3. Nf3 d5 4. cxd5 Bg7 5. Nc3 Nxd5 6. e4 Nxc3 7. bxc3 c5 8. Bb5+ Nc6 9. O-O O-O 10. Be3 Qa5 11. Qa4 Qxa4 12. Bxa4 cxd4 13. cxd4 Bg4 14. Bxc6 bxc6 15. Rfc1 Rfc8 16. Ne5 Bxe5 17. dxe5 Be6 18. a3 Rc7 19. Rab1 Kf8 20. Kf1 Rac8 21. Bc5 Rd7 22. Rd1 Rcd8 23. Rxd7 Rxd7 24. Ke1 Kg7 25. f3 f5 26. exf6+ exf6 27. Rd1 Rc7 28. Rd6 Kf7 29. Kd2 f5 30. Kc3 fxe4 31. fxe4 Kf6 32. Bd4+ Ke7 33. Bc5 Kf6 34. Bd4+ Kf7 35. Bc5 h5 36. Rd8 Rb7 37. Rf8+ Kg7 38. Ra8 Rb1 39. Rxa7+ Kf6 40. Bd4+ Kg5 41. Be3+ Kf6 42. Ra5 Rb3+ 43. Kd2 Rb2+ 44. Kc3 Rxg2 45. Bd4+ Ke7 46. h4 Rg4 47. Bc5+ Kf7 48. Ra7+ Kg8 49. Ra8+ Kg7 50. Ra7+ Bf7 51. Bd4+ Kf8 52. Ra8+ Ke7 53. Ra7+ Ke6 54. Rc7 Rxh4 55. Rxc6+ Kd7 56. Rf6 Ke7 57. e5 Re4 58. Bc5+ Ke8 59. Bd6 h4 60. Rf3 g5 61. Kd3 Bd5 62. Rf8+ Kd7 63. Rf6 h3 64. Rh6 Rh4 65. Rxh4 gxh4 66. Bb8 Ke6 0-1


[Site "https://www.chess.com"]

[Event "Titled Tuesday Blitz September 14 2021"]
[White "Sorokin, Aleksey"]
[Black "Samani, Yamac"]
[WhiteFideId "24176460"]
[BlackFideId "6352634"]
[WhiteElo "2476"]
[BlackElo "2267"]
[Result "1-0"]
[Round "02"]
[TimeControl "180+1"]
[Date "2021.09.15"]
[WhiteClock "0:00:30"]
[BlackClock "0:00:03"]

1. c4 g6 2. Nc3 Bg7 3. Nf3 Nf6 4. e4 O-O 5. d4 d6 6. Be2 c5 7. O-O cxd4 8. Nxd4 Nc6 9. Be3 Bd7 10. Rc1 a5 11. Qd2 a4 12. Rfd1 Qa5 13. f3 Rfc8 14. Ndb5 Ne5 15. b3 axb3 16. axb3 Qb4 17. Nd4 Nc6 18. Nc2 Qa5 19. b4 Qh5 20. h3 Qh4 21. Bf2 Qh6 22. Be3 Qh4 23. Kh2 Nh5 24. Nd5 Qg3+ 25. Kg1 Bxh3 26. Bf1 Be5 27. f4 Bg7 28. Bf2 Qg4 29. Nce3 Qe6 30. gxh3 Qxe4 31. Bg2 Qe6 32. Re1 Nd4 33. Ng4 Qd7 34. Bxd4 1-0


[Site "https://www.chess.com"]

[Event "Titled Tuesday Blitz September 14 2021"]
[White "Sviridov_Valery"]
[Black "Solovchuk, Oleksiy"]
[BlackFideId "14115220"]
[WhiteElo "2960"]
[BlackElo "2376"]
[Result "1-0"]
[Round "02"]
[TimeControl "180+1"]
[Date "2021.09.15"]
[WhiteClock "0:01:13"]
[BlackClock "0:00:48"]

1. Nf3 Nf6 2. g3 e6 3. Bg2 d5 4. O-O Be7 5. d3 O-O 6. Nbd2 Nc6 7. e4 dxe4 8. dxe4 Ng4 9. Qe2 Nge5 10. Nxe5 Nxe5 11. Rd1 Bd7 12. f4 Bc5+ 13. Kh1 Nc6 14. Nf3 Qe7 15. Be3 Rfd8 16. c3 Bxe3 17. Qxe3 e5 18. f5 Be8 19. Bf1 Rxd1 20. Rxd1 Rd8 21. Rd2 Rxd2 22. Qxd2 Qc5 23. b4 Qd6 24. Qxd6 cxd6 25. Kg1 g6 26. g4 gxf5 27. gxf5 Nb8 28. Nd2 Kf8 29. Bd3 Ke7 30. Kf2 Nd7 31. Ke3 Nf6 32. c4 Ba4 33. Nb1 Bd1 34. Nc3 Bh5 35. h3 Kd7 36. Bc2 Kc7 37. Nb5+ Kd7 38. Nxa7 1-0


[Site "https://www.chess.com"]

[Event "Titled Tuesday Blitz September 14 2021"]
[White "Tabatabaei, M. Amin"]
[Black "Suvorov, Alexander"]
[WhiteFideId "12521213"]
[BlackFideId "12977063"]
[WhiteElo "2555"]
[BlackElo "2221"]
[Result "1-0"]
[Round "02"]
[TimeControl "180+1"]
[Date "2021.09.15"]
[WhiteClock "0:01:24"]
[BlackClock "0:00:54"]

1. b3 e5 2. Bb2 d6 3. c4 g6 4. d4 Bg7 5. dxe5 Bxe5 6. Bxe5 dxe5 7. Qxd8+ Kxd8 8. Nc3 c6 9. O-O-O Kc7 10. Ne4 Na6 11. Nf3 f6 12. e3 Bf5 13. Ng3 Be6 14. Kb2 Ne7 15. Be2 Nc5 16. b4 Na4+ 17. Kb3 b5 18. Ne4 Nb6 19. Nxf6 Raf8 20. Ne4 Nxc4 21. Nc5 Bd5 22. Bxc4 Bxc4+ 23. Kc3 Nd5+ 24. Kb2 Nxb4 25. a3 Nd5 26. Ne6+ Kd6 27. Nxf8 Rxf8 28. e4 a5 29. Rhe1 b4 30. exd5 bxa3+ 31. Kxa3 cxd5 32. Nxe5 1-0


[Site "https://www.chess.com"]

[Event "Titled Tuesday Blitz September 14 2021"]
[White "Tasev, Dejan"]
[Black "Holt, Conrad"]
[WhiteFideId "936618"]
[BlackFideId "2034387"]
[WhiteElo "2253"]
[BlackElo "2586"]
[Result "1/2-1/2"]
[Round "02"]
[TimeControl "180+1"]
[Date "2021.09.15"]
[WhiteClock "0:00:23"]
[BlackClock "0:00:15"]

1. e4 e6 2. d4 d5 3. Nc3 Nf6 4. e5 Nfd7 5. f4 c5 6. Nf3 Nc6 7. Be3 cxd4 8. Nxd4 Bc5 9. Qd2 O-O 10. Be2 a6 11. O-O Nxd4 12. Bxd4 b5 13. Nd1 Qc7 14. c3 f6 15. exf6 Nxf6 16. Nf2 Bd7 17. g3 Rac8 18. Rfe1 Qb6 19. Bxc5 Qxc5 20. Bd3 a5 21. a3 Rb8 22. Qe3 Rfc8 23. Qd4 Qxd4 24. cxd4 a4 25. Rac1 b4 26. Rxc8+ Rxc8 27. axb4 Rb8 28. Rd1 Rxb4 29. Rd2 Kf8 30. Be2 Ne4 31. Nxe4 dxe4 32. Kf2 Rb3 33. Rc2 Ke7 34. Bc4 Rf3+ 35. Kg2 Kd6 36. Be2 Rb3 37. Bc4 Re3 38. Kf2 Rf3+ 39. Ke2 h5 40. Rc3 Rxc3 41. bxc3 a3 42. Ba2 Ba4 43. Ke3 Bc2 44. c4 Bd3 45. c5+ Kd7 46. h4 Bb5 47. Kxe4 Bc6+ 48. Kd3 Ke7 49. Kc3 Kf6 50. Kb4 Kf5 51. Kxa3 Ke4 52. Bxe6 Kxd4 53. Bf7 Kxc5 54. Bxh5 Kd4 55. f5 Ke4 56. g4 Kf4 57. Kb4 Bf3 58. Kc3 Bxg4 59. Be8 Bxf5 60. Kd2 Kg3 61. Ke3 Kxh4 62. Kf2 g5 63. Kg1 Kg3 64. Bc6 Bg4 65. Bb7 Bf3 66. Bc8 Bg4 67. Bb7 Bf5 68. Ba8 g4 69. Bc6 Kf4 70. Bb7 Be4 71. Bc8 g3 72. Bd7 Bf3 73. Bh3 Be4 74. Bc8 Bf3 75. Bd7 Be4 76. Bc8 Bf3 77. Bd7 Be4 78. Bc8 1/2-1/2


[Site "https://www.chess.com"]

[Event "Titled Tuesday Blitz September 14 2021"]
[White "Visakh N R"]
[Black "Aldokhin, Ivan"]
[WhiteFideId "25012223"]
[BlackFideId "24115720"]
[WhiteElo "2454"]
[BlackElo "2265"]
[Result "0-1"]
[Round "02"]
[TimeControl "180+1"]
[Date "2021.09.15"]
[WhiteClock "0:00:02"]
[BlackClock "0:00:04"]

1. d4 Nf6 2. c4 g6 3. Nc3 Bg7 4. e4 d6 5. f3 O-O 6. Be3 c6 7. Qd2 d5 8. e5 Nfd7 9. cxd5 cxd5 10. Nxd5 Nc6 11. Nc3 Nb6 12. Rc1 f6 13. f4 fxe5 14. dxe5 Qxd2+ 15. Bxd2 g5 16. g3 gxf4 17. gxf4 Nd4 18. Nb5 Nxb5 19. Bxb5 Be6 20. Ne2 Bxa2 21. Rg1 Kh8 22. Rc7 Nd5 23. Rxb7 Rab8 24. Bc6 Rxb7 25. Bxb7 Rb8 26. Bxd5 Bxd5 27. Bc3 e6 28. Nd4 Rf8 29. Rf1 Bh6 30. f5 exf5 31. Nxf5 Bg5 32. e6+ Bf6 33. Nd4 Bh4+ 34. Kd2 Rxf1 35. Nf5+ Kg8 36. Nxh4 Bxe6 37. Ke3 Bd5 38. Kd4 Bb7 39. Ke3 Kf7 40. Be5 Ke6 41. Bd4 Re1+ 42. Kd2 Rf1 43. Bxa7 Rh1 44. Ke3 Rxh2 45. Nf3 Rh3 0-1


[Site "https://www.chess.com"]

[Event "Titled Tuesday Blitz September 14 2021"]
[White "Woodward, Andy"]
[Black "Chigaev, Maksim"]
[WhiteFideId "30953499"]
[BlackFideId "4108116"]
[WhiteElo "2137"]
[BlackElo "2610"]
[Result "0-1"]
[Round "02"]
[TimeControl "180+1"]
[Date "2021.09.15"]
[WhiteClock "0:00:19"]
[BlackClock "0:00:11"]

1. d4 Nf6 2. c4 g6 3. Nc3 Bg7 4. g3 O-O 5. Bg2 d6 6. Nf3 c5 7. O-O Nc6 8. d5 Na5 9. Nd2 a6 10. Qc2 b5 11. b3 b4 12. Nd1 Bf5 13. e4 Nxe4 14. Bxe4 Bxe4 15. Nxe4 Bxa1 16. Bh6 Bg7 17. Bxg7 Kxg7 18. Ne3 Nb7 19. Qb2+ Kg8 20. Ng4 f6 21. Ng5 Qd7 22. Ne6 h5 23. Ne3 Nd8 24. Qc2 f5 25. Nxf8 Kxf8 26. Ng2 e5 27. dxe6 Nxe6 28. Qd2 Nd4 29. Nh4 Kg7 30. Rd1 Qe7 31. Qd3 Re8 32. Ng2 Qe2 33. Nf4 Qxd3 34. Rxd3 a5 35. Kg2 Kf7 36. h4 Re1 37. Nd5 Re2 38. Nb6 Rxa2 39. Nc8 Ke6 40. Re3+ Kd7 41. Nb6+ Kc6 42. Nd5 Re2 43. Rd3 a4 44. bxa4 b3 45. a5 b2 46. Nc3 Rc2 47. Nb1 Rc1 48. Nd2 Rd1 49. a6 Kb6 50. Nb3 Rxd3 51. Nxd4 cxd4 52. a7 Kxa7 53. c5 dxc5 54. g4 fxg4 55. f3 gxf3+ 56. Kg3 f2+ 57. Kf4 f1=Q+ 58. Kg5 Qf5+ 59. Kh6 Qf4+ 60. Kg7 Qxh4 61. Kh6 Qg4 62. Kh7 h4 63. Kg8 h3 64. Kf7 h2 65. Ke7 h1=Q 66. Kd8 c4 67. Kc7 c3 68. Kd6 Re3 69. Kc5 c2 70. Kb4 b1=Q+ 71. Ka5 Qhe1+ 72. Ka4 d3+ 73. Ka3 Qgb4# 0-1


[Site "https://www.chess.com"]

[Event "Titled Tuesday Blitz September 14 2021"]
[White "Yoo, Christopher Woojin"]
[Black "Sellitti, Federico"]
[WhiteFideId "30909694"]
[BlackFideId "821829"]
[WhiteElo "2105"]
[BlackElo "2575"]
[Result "1-0"]
[Round "02"]
[TimeControl "180+1"]
[Date "2021.09.15"]
[WhiteClock "0:00:04"]
[BlackClock "0:00:01"]

1. e4 c5 2. Nf3 Nf6 3. e5 Nd5 4. c3 Nc6 5. d4 cxd4 6. Bc4 e6 7. cxd4 d6 8. O-O Be7 9. Qe2 Nb6 10. Bd3 Nb4 11. Bb5+ Bd7 12. Nc3 O-O 13. a3 Bxb5 14. Qxb5 N4d5 15. Nxd5 exd5 16. Bf4 dxe5 17. dxe5 Rc8 18. Rfd1 Rc5 19. Qd3 Qc8 20. Nd4 Nc4 21. Nf5 Qe6 22. b4 Nb2 23. Nxe7+ Qxe7 24. Qb3 Rc4 25. Qxb2 Rxf4 26. Rxd5 Re4 27. Rad1 Re8 28. f3 Rh4 29. Rd7 Qg5 30. Qf2 a6 31. Rxb7 Rh6 32. f4 Qg4 33. Rbd7 Rhe6 34. h3 Qh5 35. Kh2 g5 36. g4 Qh6 37. fxg5 Qg6 38. R1d6 Qe4 39. Qxf7+ 1-0


[Site "https://www.chess.com"]

[Event "Titled Tuesday Blitz September 14 2021"]
[White "Abdurakhmonov, Mukhammadali"]
[Black "Nozdrachev, Leonid"]
[WhiteFideId "14207346"]
[BlackFideId "24113433"]
[WhiteElo "2241"]
[BlackElo "2196"]
[Result "1-0"]
[Round "03"]
[TimeControl "180+1"]
[Date "2021.09.15"]
[WhiteClock "0:01:11"]
[BlackClock "0:00:47"]

1. e4 c6 2. d4 d5 3. f3 dxe4 4. fxe4 e5 5. Nf3 Be6 6. c3 Nd7 7. Bd3 Bd6 8. O-O Ngf6 9. Bg5 Qc7 10. Nbd2 O-O-O 11. Bc4 h6 12. Bxf6 Nxf6 13. Bxe6+ fxe6 14. Qb3 Kb8 15. Rae1 Rhe8 16. Nc4 Ng4 17. h3 exd4 18. hxg4 d3 19. Nxd6 Qxd6 20. Qc4 Qg3 21. Rd1 d2 22. Qc5 Qxg4 23. Qe5+ Ka8 24. Rxd2 Rxd2 25. Nxd2 Qe2 26. Qd4 e5 27. Qd7 Rb8 28. Qd6 a6 29. Rf8 Rxf8 30. Qxf8+ Ka7 31. Qf2+ Qxf2+ 32. Kxf2 b5 33. Nf3 1-0


[Site "https://www.chess.com"]

[Event "Titled Tuesday Blitz September 14 2021"]
[White "Ajay, Karthikeyan"]
[Black "Hansen, Eric"]
[WhiteFideId "35011685"]
[BlackFideId "2606771"]
[WhiteElo "2183"]
[BlackElo "2568"]
[Result "0-1"]
[Round "03"]
[TimeControl "180+1"]
[Date "2021.09.15"]
[WhiteClock "0:00:45"]
[BlackClock "0:00:24"]

1. e4 c5 2. Nf3 e6 3. g3 Nc6 4. Bg2 e5 5. O-O Nf6 6. Qe2 d6 7. c3 Be7 8. h3 O-O 9. Rd1 Qb6 10. Na3 Be6 11. d3 h6 12. Be3 d5 13. exd5 Bxd5 14. Nc4 Qc7 15. a4 Rfe8 16. Nfd2 Bf8 17. Ne4 Nxe4 18. dxe4 Be6 19. h4 Rad8 20. Bf1 b6 21. f3 f5 22. exf5 Bxf5 23. Bf2 e4 24. f4 Kh8 25. b3 Qf7 26. Be3 Rd3 27. Rxd3 exd3 28. Qd2 Qg6 29. Bf2 Be7 30. Re1 Rd8 31. Bg2 Bf8 32. h5 Qf6 33. Bf3 Na5 34. Nxa5 bxa5 35. Re5 Be6 36. Bxc5 Bxc5+ 37. Rxc5 Bxb3 38. Rxa5 Qb6+ 0-1


[Site "https://www.chess.com"]

[Event "Titled Tuesday Blitz September 14 2021"]
[White "Andreikin, Dmitry"]
[Black "Mitrabha, Guha"]
[WhiteFideId "4158814"]
[BlackFideId "5057000"]
[WhiteElo "3024"]
[BlackElo "2683"]
[Result "0-1"]
[Round "03"]
[TimeControl "180+1"]
[Date "2021.09.15"]
[WhiteClock "0:00:01"]
[BlackClock "0:00:34"]

1. e4 c6 2. d4 d5 3. e5 Bf5 4. Nf3 e6 5. Be3 Ne7 6. Nbd2 Nd7 7. Nb3 Bg6 8. c3 Nf5 9. Bf4 Be7 10. Bd3 O-O 11. O-O a5 12. a4 c5 13. Bb5 Rc8 14. h3 cxd4 15. Nfxd4 Nc5 16. Nxf5 Bxf5 17. Nd4 Bg6 18. Be3 Ne4 19. Bd3 Bc5 20. Qe2 Qb6 21. Kh2 f6 22. exf6 Rxf6 23. Nf3 Bxe3 24. Qxe3 Qxb2 25. Rab1 Qa3 26. Rxb7 Qd6+ 27. Kg1 Nc5 28. Bxg6 Nxb7 29. Bc2 Qc5 30. Qd3 g6 31. Qa6 Qc6 32. Qa7 Nc5 33. Qxa5 Rf4 34. Nd4 Qc7 35. Qb5 e5 36. Nb3 Rc4 37. Nxc5 Qxc5 38. Qd7 Qc6 39. Qxc6 R4xc6 40. Bb3 Rc5 41. Re1 Re8 42. f4 e4 43. Rd1 Rd8 44. Rd4 Rxc3 45. Rxd5 Rxd5 46. Bxd5+ Kg7 47. Bxe4 Rc4 48. Bd3 Rxa4 49. f5 g5 50. f6+ Kh6 51. Bf5 Ra7 52. Be6 Kg6 53. f7 Kg7 54. Kh2 Ra4 55. Bd5 Rd4 56. Be6 h5 57. Bb3 Rd3 0-1


[Site "https://www.chess.com"]

[Event "Titled Tuesday Blitz September 14 2021"]
[White "Bluebaum, Matthias"]
[Black "De Silva, L M S T"]
[WhiteFideId "24651516"]
[BlackFideId "9953698"]
[WhiteElo "2681"]
[BlackElo "1621"]
[Result "1-0"]
[Round "03"]
[TimeControl "180+1"]
[Date "2021.09.15"]
[WhiteClock "0:00:14"]
[BlackClock "0:00:04"]

1. d4 Nf6 2. Nf3 e6 3. Bf4 d5 4. e3 Bd6 5. Ne5 O-O 6. Nd2 c5 7. c3 Qc7 8. Bd3 Nc6 9. Ndf3 b6 10. h4 Ne7 11. h5 Bb7 12. Nd2 Ne4 13. Bxe4 dxe4 14. Ndc4 Bxe5 15. Bxe5 Qc6 16. h6 g6 17. dxc5 Qxc5 18. b3 Rad8 19. Qg4 b5 20. Qg5 f6 21. Bxf6 Rd5 22. Bxe7 Qc7 23. Qh4 Rh5 24. Qxh5 gxh5 25. Bd6 Qc6 26. Bxf8 Kxf8 27. Nd2 Qxc3 28. Rd1 Qd3 29. Rxh5 b4 30. Nc4 Qc3+ 31. Kf1 Ba6 32. Rc5 Qc2 33. Re1 Ke7 34. Kg1 Bxc4 35. Rxc4 Qxa2 36. Rxb4 Qa5 37. Rb7+ Kf6 38. Rf1 Kg6 39. Rd1 Kxh6 40. g3 Qa6 41. Rb4 Qe2 42. Rdd4 Qd1+ 43. Rxd1 1-0


[Site "https://www.chess.com"]

[Event "Titled Tuesday Blitz September 14 2021"]
[White "Chigaev, Maksim"]
[Black "Vlassov, Nikolai"]
[WhiteFideId "4108116"]
[BlackFideId "4103360"]
[WhiteElo "2610"]
[BlackElo "2407"]
[Result "1-0"]
[Round "03"]
[TimeControl "180+1"]
[Date "2021.09.15"]
[WhiteClock "0:00:06"]
[BlackClock "0:00:06"]

1. d4 Nf6 2. Bg5 e6 3. e3 h6 4. Bh4 c5 5. c3 b6 6. Nd2 Bb7 7. Ngf3 Be7 8. Bd3 g5 9. Bg3 g4 10. Ne5 h5 11. e4 d6 12. Nec4 b5 13. Ne3 Qb6 14. e5 dxe5 15. Bxe5 Nbd7 16. a4 a6 17. axb5 axb5 18. Rxa8+ Bxa8 19. Qe2 c4 20. Bc2 Nxe5 21. dxe5 Nd5 22. Nxd5 Bxd5 23. Be4 Qc6 24. O-O Kf8 25. f3 Rg8 26. Kh1 g3 27. f4 gxh2 28. f5 Bg5 29. Bxd5 exd5 30. Nf3 Qh6 31. f6 Rg6 32. Qd1 Kg8 33. Qxd5 h4 34. Qd8+ Qf8 35. Qd7 h3 36. Qxh3 Qc5 37. Rd1 Qc7 38. Qf5 Be3 39. e6 Rxf6 40. Qxf6 1-0


[Site "https://www.chess.com"]

[Event "Titled Tuesday Blitz September 14 2021"]
[White "Demchenko, Anton"]
[Black "Mortazavi, Ali"]
[WhiteFideId "4160258"]
[BlackFideId "401323"]
[WhiteElo "2583"]
[BlackElo "2339"]
[Result "1-0"]
[Round "03"]
[TimeControl "180+1"]
[Date "2021.09.15"]
[WhiteClock "0:01:46"]
[BlackClock "0:01:37"]

1. e4 c6 2. Nc3 d5 3. Nf3 dxe4 4. Nxe4 Nf6 5. Nxf6+ exf6 6. Bc4 Bd6 7. Qe2+ Be7 8. O-O O-O 9. Re1 Na6 10. Qxe7 Qa5 11. Qa3 Qh5 12. Bxa6 bxa6 13. d4 Bf5 14. Qc5 Rad8 15. c4 g6 16. Bf4 Qg4 17. Bh6 Rfe8 18. Rxe8+ Rxe8 19. Re1 Be4 20. h3 Qd7 21. Rxe4 Rxe4 22. Qf8# 1-0


[Site "https://www.chess.com"]

[Event "Titled Tuesday Blitz September 14 2021"]
[White "Dowgird, Filip"]
[Black "Tabatabaei, M. Amin"]
[WhiteFideId "1121235"]
[BlackFideId "12521213"]
[WhiteElo "2209"]
[BlackElo "2555"]
[Result "0-1"]
[Round "03"]
[TimeControl "180+1"]
[Date "2021.09.15"]
[WhiteClock "0:00:18"]
[BlackClock "0:00:13"]

1. d4 Nf6 2. Nf3 e6 3. Bf4 b6 4. e3 Bb7 5. Nbd2 d5 6. Bd3 Bd6 7. Bg3 c5 8. c3 Nc6 9. Ne5 O-O 10. O-O Ne7 11. Qb1 g6 12. Bh4 Nf5 13. Bxf5 gxf5 14. Bxf6 Qxf6 15. Nd7 Qh6 16. f4 Rfd8 17. Ne5 f6 18. Nd3 Kh8 19. a4 a5 20. b4 axb4 21. cxb4 c4 22. Ne1 Rg8 23. Ndf3 Bc6 24. a5 b5 25. Ra2 Be8 26. Rff2 Bh5 27. a6 Ra7 28. Ra5 Rb8 29. Rfa2 Qf8 30. Nc2 Bxf3 31. gxf3 Qg7+ 32. Kh1 Rg8 33. Qf1 Qh6 34. Rxb5 Rag7 35. Ne1 Qh3 36. Rg2 c3 37. Qe2 Rxg2 38. Nxg2 c2 39. Qxc2 Qxf3 40. Kg1 Qxe3+ 41. Kf1 Qf3+ 42. Qf2 Qd3+ 43. Qe2 Qxe2+ 44. Kxe2 Rxg2+ 45. Kf3 Ra2 46. Rb6 Bxb4 47. Rxb4 Rxa6 48. Rb7 Kg8 49. Re7 h6 50. h4 Kf8 51. Rh7 h5 52. Ke3 Ra3+ 53. Ke2 Rh3 0-1


[Site "https://www.chess.com"]

[Event "Titled Tuesday Blitz September 14 2021"]
[White "Gupta, Abhijeet"]
[Black "Nazaretyan, Tigran"]
[WhiteFideId "5010608"]
[BlackFideId "24162345"]
[WhiteElo "2549"]
[BlackElo "2212"]
[Result "1/2-1/2"]
[Round "03"]
[TimeControl "180+1"]
[Date "2021.09.15"]
[WhiteClock "0:00:08"]
[BlackClock "0:00:27"]

1. Nf3 Nf6 2. c4 d6 3. d4 Nbd7 4. Nc3 e5 5. Bg5 Be7 6. e3 h6 7. Bh4 c6 8. Qc2 Nh5 9. Bxe7 Qxe7 10. O-O-O Nhf6 11. Bd3 a6 12. h3 b5 13. Rhe1 O-O 14. g4 bxc4 15. Bxc4 d5 16. dxe5 Nxe5 17. Nxe5 Qxe5 18. Bb3 Re8 19. f4 Qe7 20. e4 Nxe4 21. Nxe4 dxe4 22. f5 Bb7 23. Kb1 Rad8 24. Rxd8 Qxd8 25. Rxe4 c5 26. Rxe8+ Qxe8 27. Qd1 Qe4+ 28. Bc2 Qe7 29. a3 Be4 30. Ka2 Bxc2 31. Qxc2 Qd6 32. Qe4 f6 33. Kb3 Kh7 34. Ka2 a5 35. h4 Qd1 36. h5 a4 37. Qc4 Kh8 38. Qxc5 Qxg4 39. Qc8+ Kh7 40. Qd7 Qxh5 41. Qxa4 Qxf5 42. Qc4 h5 43. a4 Qe5 44. Ka3 f5 45. b4 Qa1+ 46. Kb3 Qb1+ 47. Ka3 Qe4 48. Qf7 h4 49. Qh5+ Kg8 50. a5 Qe3+ 51. Ka4 h3 52. a6 Qd3 53. b5 Qd4+ 54. Ka5 Qd8+ 55. Kb4 Qd4+ 56. Ka5 Qd8+ 57. b6 Qd5+ 58. Kb4 Qd4+ 59. Kb5 Qd5+ 60. Kb4 Qd4+ 61. Kb5 Qd5+ 62. Kb4 1/2-1/2


[Site "https://www.chess.com"]

[Event "Titled Tuesday Blitz September 14 2021"]
[White "Harshavardhan G B"]
[Black "Kamsky, Gata"]
[WhiteFideId "25059009"]
[BlackFideId "2000024"]
[WhiteElo "1825"]
[BlackElo "2603"]
[Result "0-1"]
[Round "03"]
[TimeControl "180+1"]
[Date "2021.09.15"]
[WhiteClock "0:00:01"]
[BlackClock "0:00:32"]

1. e4 c5 2. Nf3 d6 3. d4 cxd4 4. Nxd4 Nf6 5. Nc3 e6 6. g4 h6 7. h4 Nc6 8. f3 d5 9. Nxc6 bxc6 10. Bg2 a5 11. g5 hxg5 12. Bxg5 Qb6 13. exd5 cxd5 14. Qd2 Bd7 15. O-O-O Rb8 16. b3 a4 17. Kb1 axb3 18. cxb3 Bb4 19. Qb2 Qa5 20. Ne2 Ra8 21. Ng3 Bc3 22. Qc2 O-O 23. Ne2 Rfc8 24. Nxc3 Rxc3 25. Qb2 e5 26. Bd2 Bf5+ 27. Ka1 d4 28. Bh3 Bh7 29. Rc1 Nd5 30. Bg2 Nb4 31. a4 Qxa4+ 0-1


[Site "https://www.chess.com"]